 Dungeon Crawl Stone Soup version 0.31-a0-675-g238779eb0a (webtiles) character file.

Game seed: 9101411916687734264

3931 qw the Skirmisher (level 10, -11/64 HPs)
             Began as a Gargoyle Hunter on Sept 5, 2023.
             Was a Follower of Okawaru.
             Killed from afar by a gargoyle (22 damage)
             ... with a stone arrow
             ... on level 8 of the Dungeon.
             The game lasted 00:03:12 (7434 turns).

qw the Skirmisher (Gargoyle Hunter)                 Turns: 7434, Time: 00:03:12

Health: -11/64     AC: 24    Str: 16    XL:     10   Next: 21%
Magic:  12/14      EV: 13    Int:  9    God:    Okawaru [*.....]
Gold:   335        SH:  0    Dex: 11    Spells: 9/9 levels left

rFire   . . .        e - +1 orcbow
rCold   + . .        (shield currently unavailable)
rNeg    + . .        a - +3 swamp dragon scales of Yredelemnul's Whim {rPois rC+ Dex-4 Stlth+}
rPois   inf          (no helmet)
rElec   +            g - +1 cloak
rCorr   .            (no gloves)
SInv    .            p - +0 pair of boots
Will    .....        (no amulet)
Stlth   +++          (no ring)
HPRegen 0.30/turn    (no ring)
MPRegen 0.14/turn

%: no passive effects
@: about to teleport, heroic
A: sickness immunity, AC +7, negative energy resistance 1, electricity
resistance, torment resistance 1, petrification resistance, talons 1, clumsy 1,
high MP 1
a: Renounce Religion, Heroism


You were on level 8 of the Dungeon.
You worshipped Okawaru.
Okawaru was aware of your devotion.
You visited 1 branch of the dungeon, and saw 8 of its levels.
You also visited: Sewer.

You collected 514 gold pieces.
You spent 179 gold pieces at shops.


Innate Abilities, Weirdness & Mutations

You are immune to sickness and miasma.
Your stone body is resilient. (AC +7)
You are immune to poison.
You resist negative energy. (rN+)
You are resistant to electric shocks. (rElec)
You are resistant to unholy torment.
You are immune to petrification.
You have sharp toenails.
You are clumsy. (Dex -2)
You have an increased reservoir of magic. (+10% MP)


   Skills:
 - Level 8.2(13.2) Fighting
 + Level 11.5(16.5) Ranged Weapons
 - Level 4.6(9.6) Armour
 - Level 2.3(7.3) Dodging
 - Level 1.1(6.1) Stealth
 - Level 4.1 Invocations


You had 9 spell levels left.
You didn't know any spells.
Your spell library was empty.

Inventory:

Hand Weapons
 e - a +1 orcbow (weapon)
Armour
 a - the +3 swamp dragon scales of Yredelemnul's Whim (worn) {rPois rC+ Dex-4 Stlth+}
   (You acquired it on level 2 of the Dungeon)

   Dex-4:     It affects your dexterity (-4).
   rC+:       It protects you from cold.
   rPois:     It protects you from poison Stlth+: It makes you more stealthy.
 g - a +1 cloak (worn)
 o - a +0 leather armour of willpower
 p - a +0 pair of boots (worn)
 q - +0 steam dragon scales
Scrolls
 h - a scroll of identify
 m - 6 scrolls of teleportation
Potions
 b - 2 potions of mutation
 c - 4 potions of heal wounds
 d - 6 potions of curing
 f - 2 potions of haste
 i - a potion of attraction {unknown}
 j - a potion of cancellation
 k - a potion of enlightenment {unknown}
 l - a potion of might
 n - a potion of degeneration {unknown}

Dungeon Overview and Level Annotations

Branches:
Dungeon (8/15)             Temple (0/1) D:6           Sewer (visited)
   Lair: D:8-11

Altars:
Ashenzari
Cheibriados
Dithmenos
Elyvilon
Kikubaaqudgha
Makhleb
Okawaru
Qazlal
Ru
Trog
Xom
Yredelemnul

Shops:
D:2 ?   D:6 ?

Annotations:
D:3 2 transporters, 1 runed translucent door, qw's ghost, amateur GrHs


Message History

The gargoyle hits you but does no damage.
You shoot an arrow.
The arrow hits the gargoyle but does no damage.
The gargoyle closely misses you.
You shoot an arrow. The arrow hits the gargoyle.
The gargoyle is lightly damaged.
The gargoyle hits you with a +0 flail.
You shoot an arrow.
The arrow hits the gargoyle but does no damage.
The gargoyle is lightly damaged.
The gargoyle hits you with a +0 flail!
You shoot an arrow. The arrow barely misses the gargoyle.
The gargoyle hurls a stone arrow at you.
The stone arrow hits you!!
7428 ||| INVOKING Heroism.
You gain the combat prowess of a mighty hero.
The gargoyle misses you.
You shoot an arrow. The arrow hits the gargoyle.
The gargoyle is moderately damaged.
The gargoyle completely misses you.
You shoot an arrow. The arrow hits the gargoyle!
The gargoyle is heavily damaged.
The gargoyle hurls a stone arrow at you.
The stone arrow misses you.
You shoot an arrow. The arrow hits the gargoyle.
The gargoyle is severely damaged.
You shoot an arrow.
The arrow hits the gargoyle but does no damage.
The gargoyle is severely damaged.
The gargoyle hurls a stone arrow at you.
The stone arrow hits you!
You shoot an arrow. The arrow hits the gargoyle.
The gargoyle is almost destroyed.
The gargoyle hits you with a +0 flail!
7434 ||| READING 7 scrolls of teleportation.
As you read the scroll of teleportation, it crumbles to dust.
You feel strangely unstable.
The gargoyle hurls a stone arrow at you.
The stone arrow hits you!!
You die...

##########.#######.#
..<...............:#
.#########.###.#####
.#########.# #.#
.#.......#.# #.#
......##.#.# #.###
##.##.##.#.# #...#
##.##......# ###.#
#.#####.### #@#
#.#####.# #.9.#
#.......# #.##)#
######### ### #


You could see a gargoyle.

Vanquished Creatures
  A wyvern (D:7)
  A steam dragon (D:8)
  Menkaure (D:6)
  A water moccasin (D:6)
  Pargi (Sewer)
  An orc warrior (D:8)
  3 black bears
  2 ice beasts (D:6)
  A sky beast (D:8)
  3 phantoms
  2 centaurs
  An ogre (D:5)
  A kobold brigand (D:8)
  A bullfrog (D:6)
  A gnoll sergeant (D:6)
  5 scorpions
  9 wights
  10 killer bees
  A howler monkey (D:6)
  6 hounds
  4 orc priests
  2 gnoll boudas
  A sleepcap (D:4)
  An orc wizard (D:8)
  19 gnolls
  10 adders
  2 river rats (D:3)
  A white imp (D:8)
  2 ufetubi (D:6)
  2 worms
  A dart slug (D:5)
  16 orcs
  3 endoplasms
  4 giant cockroaches
  9 goblins
  8 hobgoblins
  10 kobolds
  4 quokkas
  9 ball pythons
  4 bats
  8 frilled lizards
  6 rats
178 creatures vanquished.

Notes
Turn   | Place    | Note
-------+----------+-------------------------------------------
     0 | D:1      | qw the Gargoyle Hunter began the quest for the Orb.
     0 | D:1      | Reached XP level 1. HP: 12/12 MP: 1/1
     0 | D:1      | 0 ||| qw: Version: 0.3-a-75-g829b12e
     0 | D:1      | 0 ||| qw: Game counter: 81
     0 | D:1      | 0 ||| qw: Melee chars always use a shield: true
     0 | D:1      | 0 ||| qw: God list: Okawaru
     0 | D:1      | 0 ||| qw: Allow faded altars: false
     0 | D:1      | 0 ||| qw: Do Orc after clearing Dungeon:15 true
     0 | D:1      | 0 ||| qw: Do second Lair branch before Depths: true
     0 | D:1      | 0 ||| qw: Lair rune preference: random
     0 | D:1      | 0 ||| qw: Goals: Normal
     0 | D:1      | 0 ||| PLANNING D:1-11
   447 | D:1      | Reached XP level 2. HP: 14/17 MP: 2/2
   884 | D:1      | 884 ||| UPGRADING to +0 ring mail.
   894 | D:1      | 894 ||| DROPPING +0 leather armour.
   895 | D:1      | 895 ||| READING 2 scrolls labelled FIEDYE ZYZXENN.
   896 | D:1      | 896 ||| READING scroll labelled KAXAFU CUIVU.
   897 | D:1      | 897 ||| READING 2 scrolls labelled XUEDAM LUOCH.
   898 | D:1      | 898 ||| READING scroll labelled HINNEE ERECS.
   899 | D:1      | 899 ||| READING scroll labelled ORUELYSOXU.
   900 | D:1      | 900 ||| DROPPING scroll of fog.
   901 | D:1      | 901 ||| DROPPING scroll of butterflies.
   955 | D:2      | Reached skill level 1 in Armour
   955 | D:2      | Reached XP level 3. HP: 11/21 MP: 3/3
  1220 | D:2      | Found Zothro Jioch's Magic Scroll Emporium.
  1229 | D:2      | 1229 ||| BUYING scroll of enchant armour (75 gold).
  1229 | D:2      | Bought a scroll of enchant armour for 75 gold pieces
  1229 | D:2      | 1229 ||| SHOPLISTING scroll of identify (20 gold, have 19).
  1229 | D:2      | 1229 ||| SHOPLISTING scroll of teleportation (30 gold, have
                  | 19).
  1394 | D:2      | Reached skill level 5 in Ranged Weapons
  1417 | D:2      | Found a broken altar of Ashenzari.
  1590 | D:2      | 1590 ||| UPGRADING to +0 cloak.
  1595 | D:2      | 1595 ||| READING scroll of enchant armour.
  1595 | D:2      | 1595 ||| ENCHANTING +0 cloak.
  1596 | D:2      | 1596 ||| READING scroll labelled DALOASTREISK.
  1597 | D:2      | 1597 ||| READING scroll labelled VYURAGAIME.
  1597 | D:2      | Identified a scroll of acquirement
  1597 | D:2      | 1597 ||| ACQUIRING +3 swamp dragon scales of Yredelemnul's
                  | Whim {rPois rC+ Dex-4 Stlth+}
  1597 | D:2      | Acquired the +3 swamp dragon scales of Yredelemnul's Whim
                  | {rPois rC+ Dex-4 Stlth+}
  1599 | D:2      | 1599 ||| UPGRADING to +3 swamp dragon scales of
                  | Yredelemnul's Whim {rPois rC+ Dex-4 Stlth+}.
  1609 | D:2      | 1609 ||| DROPPING +0 ring mail.
  1610 | D:2      | 1610 ||| READING scroll labelled LULOHA ILIHE.
  1611 | D:2      | 1611 ||| READING scroll labelled AQIASIZUSI.
  1612 | D:2      | 1612 ||| DRINKING 2 black potions.
  1639 | D:2      | 1639 ||| READING 2 scrolls of identify.
  1639 | D:2      | 1639 ||| IDENTIFYING murky sapphire potion
  1640 | D:2      | 1640 ||| DROPPING potion of lignification.
  1688 | D:3      | 1688 ||| PLANNING SEWER
  1691 | D:3      | Found a shadowy altar of Dithmenos.
  1699 | D:3      | 1699 ||| READING scroll of brand weapon.
  1699 | D:3      | 1699 ||| BRANDING +1 shortbow of electrocution.
  1704 | D:3      | 1704 ||| Stepping ~*~*~tactically~*~*~ (outnumbered).
  1706 | D:3      | 1706 ||| Stepping ~*~*~tactically~*~*~ (outnumbered).
  1708 | D:3      | 1708 ||| Stepping ~*~*~tactically~*~*~ (outnumbered).
  1713 | D:3      | Noticed a scorpion
  1714 | D:3      | 1714 ||| Stepping ~*~*~tactically~*~*~ (retreating).
  1715 | D:3      | 1715 ||| Stepping ~*~*~tactically~*~*~ (retreating).
  1717 | D:3      | 1717 ||| Stepping ~*~*~tactically~*~*~ (retreating).
  1718 | D:3      | 1718 ||| Stepping ~*~*~tactically~*~*~ (retreating).
  1719 | D:3      | 1719 ||| Stepping ~*~*~tactically~*~*~ (retreating).
  1720 | D:3      | 1720 ||| Stepping ~*~*~tactically~*~*~ (retreating).
  1721 | D:3      | 1721 ||| Stepping ~*~*~tactically~*~*~ (retreating).
  1722 | D:3      | 1722 ||| Stepping ~*~*~tactically~*~*~ (retreating).
  1723 | D:3      | 1723 ||| Stepping ~*~*~tactically~*~*~ (retreating).
  1724 | D:3      | 1724 ||| Stepping ~*~*~tactically~*~*~ (retreating).
  1725 | D:3      | 1725 ||| STAIRDANCE
  1732 | D:2      | Killed a scorpion
  1733 | D:2      | Reached skill level 3 in Fighting
  1733 | D:2      | Reached XP level 4. HP: 20/29 MP: 4/4
  1771 | D:3      | 1771 ||| STAIRDANCE
  1776 | D:3      | 1776 ||| STAIRDANCE
  1785 | D:3      | 1785 ||| STAIRDANCE
  1843 | D:3      | Noticed qw's ghost (amateur GrHs)
  1853 | D:3      | Found a transporter.
  1856 | D:3      | Found a transporter.
  1865 | D:3      | Found a snail-covered altar of Cheibriados.
  1929 | D:3      | Reached XP level 5. HP: 26/33 MP: 5/5
  2088 | D:3      | Found a glowing drain.
  2089 | D:3      | 2089 ||| DRINKING 2 fizzy green potions.
  2089 | D:3      | Gained mutation: You have sharp toenails. [potion of
                  | mutation]
  2089 | D:3      | Gained mutation: You are clumsy. (Dex -2) [potion of
                  | mutation]
  2089 | D:3      | Gained mutation: You have an increased reservoir of magic.
                  | (+10% MP) [potion of mutation]
  2090 | D:3      | 2090 ||| READING 2 scrolls of identify.
  2090 | D:3      | 2090 ||| IDENTIFYING pink potion
  2098 | Sewer    | Entered a sewer
  2121 | Sewer    | 2121 ||| Stepping ~*~*~tactically~*~*~ (water).
  2177 | Sewer    | Noticed Pargi
  2178 | Sewer    | 2178 ||| Stepping ~*~*~tactically~*~*~ (water).
  2200 | Sewer    | HP: 8/33 [Pargi (4)]
  2206 | Sewer    | Killed Pargi
  2207 | Sewer    | Reached skill level 6 in Ranged Weapons
  2207 | Sewer    | Reached XP level 6. HP: 10/38 MP: 6/6
  2354 | Sewer    | 2354 ||| READING scroll labelled TATAFI CA HOUDO.
  2358 | Sewer    | 2358 ||| READING scroll labelled URIWKEKKYE.
  2359 | Sewer    | 2359 ||| DRINKING 2 fuming purple potions.
  2368 | D:3      | 2368 ||| PLANNING D:1-11
  2616 | D:3      | Found an iron altar of Okawaru.
  2616 | D:3      | Found a runed translucent door.
  2617 | D:3      | 2617 ||| PLANNING OKAWARU WORSHIP
  2622 | D:3      | Found the +0 toga "Victory" {*Victory Clar}
  2624 | D:3      | Became a worshipper of Warmaster Okawaru
  2625 | D:3      | 2625 ||| PLANNING D:1-11
  2717 | D:4      | 2717 ||| Stepping ~*~*~tactically~*~*~ (water).
  2718 | D:4      | 2718 ||| Stepping ~*~*~tactically~*~*~ (water).
  2734 | D:4      | 2734 ||| Stepping ~*~*~tactically~*~*~ (water).
  2735 | D:4      | 2735 ||| Stepping ~*~*~tactically~*~*~ (water).
  2885 | D:4      | Found a basalt altar of Yredelemnul.
  3096 | D:4      | Reached XP level 7. HP: 38/43 MP: 7/7
  3128 | D:4      | Found a white marble altar of Elyvilon.
  3195 | D:4      | Found a burning altar of Makhleb.
  3264 | D:4      | Reached skill level 7 in Ranged Weapons
  3449 | D:4      | 3449 ||| Stepping ~*~*~tactically~*~*~ (water).
  3588 | D:4      | Reached * piety under Okawaru
  3589 | D:4      | 3589 ||| INVOKING Heroism.
  3672 | D:4      | 3672 ||| DRINKING 2 clear potions.
  3697 | D:5      | Entered Level 5 of the Dungeon
  3700 | D:5      | Reached skill level 8 in Ranged Weapons
  3708 | D:5      | 3708 ||| STAIRDANCE
  3748 | D:5      | Reached skill level 1 in Invocations
  3842 | D:5      | Found a stormy altar of Qazlal.
  3845 | D:5      | Found an ancient bone altar of Kikubaaqudgha.
  3853 | D:5      | 3853 ||| READING scroll of enchant weapon.
  3853 | D:5      | 3853 ||| ENCHANTING +1 heavy shortbow.
  3878 | D:5      | 3878 ||| INVOKING Heroism.
  3885 | D:5      | Reached XP level 8. HP: 47/48 MP: 6/10
  4038 | D:5      | 4038 ||| INVOKING Heroism.
  4153 | D:5      | 4153 ||| INVOKING Heroism.
  4155 | D:5      | 4155 ||| Stepping ~*~*~tactically~*~*~ (outnumbered).
  4157 | D:5      | 4157 ||| Stepping ~*~*~tactically~*~*~ (outnumbered).
  4159 | D:5      | 4159 ||| Stepping ~*~*~tactically~*~*~ (outnumbered).
  4176 | D:5      | 4176 ||| INVOKING Heroism.
  4181 | D:5      | Reached skill level 3 in Invocations
  4406 | D:5      | Found a shimmering altar of Xom.
  4541 | D:5      | 4541 ||| READING scroll of enchant weapon.
  4541 | D:5      | 4541 ||| ENCHANTING +2 heavy shortbow.
  4584 | D:5      | 4584 ||| UPGRADING to +0 pair of boots.
  4589 | D:5      | 4589 ||| READING 2 scrolls labelled BAJIKU TOQAPH.
  4590 | D:5      | 4590 ||| READING scroll labelled SOIMISKIYRPH.
  4591 | D:5      | 4591 ||| DRINKING 2 amethyst potions.
  4592 | D:5      | 4592 ||| DROPPING potion of invisibility.
  4593 | D:5      | 4593 ||| DROPPING scroll of amnesia.
  4652 | D:6      | Reached skill level 3 in Armour
  4689 | D:6      | 4689 ||| INVOKING Heroism.
  4691 | D:6      | 4691 ||| Stepping ~*~*~tactically~*~*~ (outnumbered).
  4709 | D:6      | 4709 ||| INVOKING Heroism.
  4865 | D:6      | Reached skill level 9 in Ranged Weapons
  5074 | D:6      | 5074 ||| Stepping ~*~*~tactically~*~*~ (retreating).
  5080 | D:6      | Reached skill level 6 in Fighting
  5081 | D:6      | 5081 ||| INVOKING Heroism.
  5086 | D:6      | HP: 6/51 [wight/+1 great sword (9)]
  5087 | D:6      | 5087 ||| READING 3 scrolls of teleportation.
  5088 | D:6      | 5088 ||| DRINKING 4 potions of heal wounds.
  5160 | D:6      | Reached XP level 9. HP: 50/55 MP: 13/13
  5253 | D:6      | Found Duxuesagh's Magic Scroll Shop.
  5255 | D:6      | 5255 ||| INVOKING Heroism.
  5291 | D:6      | 5291 ||| BUYING scroll of identify (26 gold).
  5291 | D:6      | Bought a scroll of identify for 26 gold pieces
  5291 | D:6      | 5291 ||| BUYING scroll of teleportation (39 gold).
  5291 | D:6      | Bought a scroll of teleportation for 39 gold pieces
  5291 | D:6      | 5291 ||| BUYING scroll of teleportation (39 gold).
  5291 | D:6      | Bought a scroll of teleportation for 39 gold pieces
  5416 | D:6      | 5416 ||| INVOKING Heroism.
  5422 | D:6      | Reached skill level 10 in Ranged Weapons
  5507 | D:6      | Found a staircase to the Ecumenical Temple.
  5508 | D:6      | Noticed Menkaure
  5509 | D:6      | 5509 ||| INVOKING Heroism.
  5515 | D:6      | Killed Menkaure
  5662 | D:6      | 5662 ||| DRINKING 2 dark potions.
  5663 | D:6      | 5663 ||| READING 2 scrolls of identify.
  5663 | D:6      | 5663 ||| IDENTIFYING bubbling purple potion
  5664 | D:6      | 5664 ||| DROPPING potion of brilliance.
  5673 | D:7      | 5673 ||| STAIRDANCE
  5678 | D:6      | 5678 ||| INVOKING Heroism.
  5767 | D:7      | 5767 ||| STAIRDANCE
  5777 | D:7      | 5777 ||| STAIRDANCE
  5807 | D:7      | 5807 ||| STAIRDANCE
  5871 | D:7      | 5871 ||| STAIRDANCE
  5915 | D:7      | 5915 ||| INVOKING Heroism.
  5917 | D:7      | 5917 ||| STAIRDANCE
  5975 | D:7      | 5975 ||| SWAPPING to +0 orcbow.
  5976 | D:7      | 5976 ||| DROPPING +3 heavy shortbow.
  6027 | D:7      | 6027 ||| INVOKING Heroism.
  6171 | D:7      | You fall into a shaft and drop 1 floor!
  6223 | D:8      | 6223 ||| INVOKING Heroism.
  6238 | D:8      | 6238 ||| INVOKING Heroism.
  6288 | D:8      | Found a sacrificial altar of Ru.
  6367 | D:8      | 6367 ||| Stepping ~*~*~tactically~*~*~ (outnumbered).
  6477 | D:7      | 6477 ||| RETREATING.
  6479 | D:7      | 6479 ||| RETREATING.
  6527 | D:7      | Reached skill level 11 in Ranged Weapons
  6551 | D:7      | 6551 ||| READING scroll of enchant weapon.
  6551 | D:7      | 6551 ||| ENCHANTING +0 orcbow.
  6596 | D:7      | Reached ** piety under Okawaru
  6609 | D:7      | 6609 ||| RETREATING.
  6610 | D:7      | 6610 ||| Stepping ~*~*~tactically~*~*~ (retreating).
  6611 | D:7      | 6611 ||| Stepping ~*~*~tactically~*~*~ (retreating).
  6612 | D:7      | 6612 ||| Stepping ~*~*~tactically~*~*~ (retreating).
  6613 | D:7      | 6613 ||| Stepping ~*~*~tactically~*~*~ (retreating).
  6614 | D:7      | 6614 ||| Stepping ~*~*~tactically~*~*~ (retreating).
  6615 | D:7      | 6615 ||| Stepping ~*~*~tactically~*~*~ (retreating).
  6620 | D:7      | Reached XP level 10. HP: 58/63 MP: 14/14
  6868 | D:8      | 6868 ||| INVOKING Heroism.
  6873 | D:8      | 6873 ||| Stepping ~*~*~tactically~*~*~ (cloud).
  7029 | D:8      | Found a bloodstained altar of Trog.
  7160 | D:8      | 7160 ||| INVOKING Heroism.
  7421 | D:8      | Noticed a gargoyle
  7428 | D:8      | 7428 ||| INVOKING Heroism.
  7433 | D:8      | HP: 11/64 [gargoyle/+0 flail (14)]
  7434 | D:8      | 7434 ||| READING 7 scrolls of teleportation.
  7434 | D:8      | Killed from afar by a gargoyle

Levels and vault maps discovered:
D:1:      lightli_arrival_chessboard, layout_basic
D:2:      layout_basic, serial_shops, shop, basic_altar
D:3:      layout_rooms, mainiacjoe_overflow_tiny_flanked,
          nicolae_overflow_crystal_walls,
          nicolae_overflow_guarded_unrand_okawaru_victory, portal_sewer_entry_b,
          gammafunk_ghost_arena
D:4:      layout_loops_ring, lemuel_crystal_altar, mainiacjoe_overflow_paths,
          mainiacjoe_overflow_24_doors, grunt_ministairs_14,
          minmay_manual_mullet
D:5:      layout_gridville, amcnicky_altar_gilded, nicolae_overflow_squiral
D:6:      layout_basic, temple_green, serial_shops,
          nicolae_shop_temple_entry_statues_fountains, uniq_menkaure
D:7:      layout_rooms, moated_statue
D:8:      minmay_cornered_nines, layout_loops_ring,
          nicolae_ru_the_path_less_chosen, lemuel_round_altar

Skill      XL: |  1  2  3  4  5  6  7  8  9 10 |
---------------+-------------------------------+-----
Armour         | 1 2 3 4 |  4.6
Ranged Weapons | 5 6 8 9 11 | 11.5
Fighting       | 3 4 6 7 8 |  8.2
Invocations    | 2 4 |  4.1
Dodging        | 2 |  2.3
Stealth        | |  1.1

Action                     |  1- 3 |  4- 6 |  7- 9 | 10-12 || total
---------------------------+-------+-------+-------+-------++-------
   Fire: Shortbow          |   120 |   123 |   245 |       ||   488
         Orcbow            |       |       |   118 |   129 ||   247
 Invoke: Heroism           |       |       |    16 |     3 ||    19
    Use: Scroll            |    12 |     3 |     7 |     1 ||    23
         Potion            |     1 |     2 |     4 |       ||     7
 Armour: Leather armour    |    12 |       |       |       ||    12
         Ring mail         |    16 |       |       |       ||    16
         Swamp dragon scal |    22 |   157 |   222 |   119 ||   520
  Dodge: Dodged            |    38 |   101 |   188 |    96 ||   423

Table legend:
 A = Non-vault XP
 B = Vault XP
 C = Vault XP percentage of total XP
 D = Non-vault monster count
 E = Vault monster count
 F = Vault count percentage of total count
                 A         B        C        D         E       F
            +---------+---------+-------+---------+---------+-------
      Total |    4877 |     739 |  13.2 |     156 |      22 |  12.4
            +---------+---------+-------+---------+---------+-------
        D:1 |      28 |       0 |   0.0 |      18 |       0 |   0.0
        D:2 |     118 |       0 |   0.0 |      18 |       0 |   0.0
        D:3 |      26 |      54 |  67.5 |      13 |       5 |  27.8
        D:4 |     313 |     251 |  44.5 |      15 |      10 |  40.0
        D:5 |     537 |       0 |   0.0 |      15 |       0 |   0.0
        D:6 |    1707 |     175 |   9.3 |      34 |       1 |   2.9
        D:7 |     999 |       0 |   0.0 |      15 |       0 |   0.0
        D:8 |    1149 |     108 |   8.6 |      28 |       1 |   3.4
      Sewer |       0 |     151 | 100.0 |       0 |       5 | 100.0
            +---------+---------+-------+---------+---------+-------
